 Dungeon Crawl Stone Soup version 0.20.1-1-g8b1a95d (webtiles) character file.

181 ScottishVillain the Ruffian (level 5, -4/53 HPs)
             Began as a Troll Berserker on Dec 27, 2017.
             Was a Believer of Trog.
             Slain by a wight
             ... wielding a +2 trident of freezing
              (7 damage)
             ... on level 3 of the Dungeon.
             The game lasted 00:18:32 (2248 turns).

ScottishVillain the Ruffian (Troll Berserker)       Turns: 2248, Time: 00:18:36

Health: -4/53      AC:  5    Str: 25    XL:     5   Next: 34%
Magic:  4/4        EV:  8    Int:  3    God:    Trog [**....]
Gold:   176        SH:  0    Dex: 10    Spells: 4/4 levels left

rFire    . . .     SeeInvis .     - Unarmed
rCold    + . .     Gourm    +   (no shield)
rNeg     . . .     Faith    .   a - +0 animal skin
rPois    .         Spirit   .   (helmet restricted)
rElec    .         Reflect  .   (no cloak)
rCorr    .         Harm     +   (gloves unavailable)
MR       .....                  (boots unavailable)
Stlth    +.........             p - amulet of harm
Regen    0.6/turn               d - ring of protection from cold
MPRegen  0.1/turn               l - -2 ring of evasion (curse)

@: about to teleport, starving, drained
A: unfitting armour, claws 3, fast metabolism 3, gourmand, regeneration 1,
shaggy fur 1, tough skin 2
a: Berserk, Trog's Hand, Burn Spellbooks, Renounce Religion


You were on level 3 of the Dungeon.
You worshipped Trog.
Trog was pleased with you.
You were starving.

You visited 1 branch of the dungeon, and saw 3 of its levels.

You collected 176 gold pieces.

Inventory:

Hand Weapons
 n - a +0 dagger
 r - a +0 hunting sling
 s - a +0 morningstar
 x - a cursed +3 mace
Missiles
 k - 13 poisoned needles
 m - 45 arrows
 u - 19 stones (quivered)
Armour
 a - a +0 animal skin (worn)
Jewellery
 d - a ring of protection from cold (left claw)
 l - a cursed -2 ring of evasion (right claw)
 p - an amulet of harm (around neck)
Scrolls
 h - a scroll of identify
 i - 5 scrolls of teleportation
Potions
 c - a potion of degeneration
 g - 4 potions of curing
 j - 4 potions of brilliance
 o - a potion of might
 q - a potion of flight
 w - a potion of heal wounds {unknown}
Comestibles
 b - 3 bread rations
 f - a royal jelly


   Skills:
 + Level 3.0(2.0) Fighting
 + Level 3.4(2.4) Dodging
 + Level 0.3(0.0) Stealth
 + Level 4.7(3.6) Unarmed Combat


You had 4 spell levels left.
You didn't know any spells.

Dungeon Overview and Level Annotations

Branches:
Dungeon (3/15)

Altars:


Innate Abilities, Weirdness & Mutations

You are too large for most types of armour.
You have claws for hands.
Your metabolism is lightning-fast.
You like to eat raw meat.
Your natural rate of healing is unusually fast.
You are covered in fur. (AC +1)
You have very tough skin. (AC +2)


Message History

A wight comes into view.
It is wielding an enchanted short sword.
A wight comes into view. It is wielding a trident of freezing.
Found 2 potions of curing.
You barely miss the wight. The wight hits you with a battleaxe!
You closely miss the wight. The wight barely misses you.
You closely miss the wight.
The wight hits you from afar with a trident of freezing.
You feel drained.
You scratch the wight but do no damage. The wight hits you with a battleaxe.
The wight hits you from afar with a trident of freezing!
* * * LOW HITPOINT WARNING * * *
You feel drained.
* * * LOW HITPOINT WARNING * * *
As you read the scroll of teleportation, it crumbles to dust.
You feel strangely unstable. The wight hits you with a battleaxe!
* * * LOW HITPOINT WARNING * * *
You feel drained.
* * * LOW HITPOINT WARNING * * *
The wight hits you from afar with a trident of freezing.
You die...

*,**,** **,,,,,,,**
**,,,*** *,,,,* **,,,,,**
**,,**** ****,* **,,,**
*,,,,,, *,* *#+#* **,****
*,* ##* #.# *,* *,* ##.#*
#.# *,* *,**#...###.##
*,* *,**....?#..)## *,*
*,,,....zzz@..# *,*
****...!.#...#######***,*
*#..,*##.........,,,,*
##.####.....###******
#.....[....# ######.....#
#....## #.#### #.#


You could see 3 wights.

Vanquished Creatures
  A wight (D:3)
  An orc wizard (D:3)
  An adder (D:3)
  6 oozes (D:1)
  2 worms
  A dart slug (D:1)
  A leopard gecko (D:2)
  2 orcs (D:3)
  2 giant cockroaches
  5 goblins
  6 hobgoblins
  11 jackals
  5 kobolds
  7 bats
  4 frilled lizards
  7 rats
62 creatures vanquished.

Notes
Turn   | Place    | Note
-------+----------+-------------------------------------------
     0 | D:1      | ScottishVillain the Troll Berserker began the quest for the Orb.
     0 | D:1      | Reached XP level 1. HP: 22/22 MP: 0/0
     1 | D:1      | Found a runed door.
    20 | D:1      | Reached XP level 2. HP: 26/29 MP: 1/1
    33 | D:1      | Reached XP level 3. HP: 35/36 MP: 2/2
   249 | D:1      | Reached ** piety under Trog
   846 | D:1      | Reached XP level 4. HP: 41/44 MP: 3/3
   987 | D:2      | Reached skill level 4 in Unarmed Combat
  2004 | D:3      | Reached XP level 5. HP: 51/52 MP: 4/4
  2248 | D:3      | Slain by a wight

Skill      XL: |  1  2  3  4  5 |
---------------+----------------+-----
Dodging        | 3 |  3.4
Unarmed Combat | 4 |  4.7
Fighting       | 3 |  3.0
Stealth        | |  0.3

Action                   |  1- 3 |  4- 6 || total
-------------------------+-------+-------++-------
Melee: Unarmed           |    71 |    61 ||   132
       Punch             |     3 |       ||     3
Invok: Berserk           |     1 |       ||     1
  Use: Scroll            |     2 |     4 ||     6
       Potion            |     2 |       ||     2
  Eat: Chunk             |     3 |     4 ||     7
       Meat ration       |     1 |       ||     1
       Bread ration      |       |     1 ||     1
Armor: Animal skin       |    38 |    27 ||    65
Dodge: Dodged            |    38 |    25 ||    63
